 Dungeon Sprint DCSS version 0.28-a0-872-g80cf8599ee (webtiles) character file.

Game seed: 15426771706976050569

70500 mhtbhm the Slayer (level 14, -18/149 (157) HPs)
             Began as a Minotaur Fighter on Nov 20, 2021.
             Was the Champion of Okawaru.
             Killed from afar by Margery (39 damage)
             ... with a bolt of fire
             ... in the Dungeon (Sprint IX: "|||||||||||||||||||||||||||||").
             The game lasted 00:14:47 (10290 turns).

mhtbhm the Slayer (Minotaur Fighter)               Turns: 10290, Time: 00:14:48

HP:   -18/149 (157) AC: 26    Str: 29    XL:     14   Next: 94%
MP:   25/25         EV: 16    Int:  5    God:    Okawaru [******]
Gold: 1042          SH:  9    Dex: 11    Spells: 13/13 levels left

rFire   . . .      SeeInvis .   a - +2 demon whip (drain)
rCold   . . .      Faith    .   c - +0 buckler
rNeg    . . .      Spirit   .   b - +0 storm dragon scales
rPois   +          Reflect  .   y - +0 hat {Will+}
rElec   +          Harm     .   s - +1 cloak
rCorr   .          Rampage  .   t - +2 pair of gloves of Plog {Str+4}
Will    ++...      NoTele   +   r - +0 pair of boots
Stlth   ..........              (no amulet)
HPRegen 0.34/turn               o - +2 ring of evasion
MPRegen 0.19/turn               B - ring of poison resistance

@: drained
A: horns 2, retaliatory headbutt
a: Renounce Religion, Heroism, Finesse


You were in the Dungeon.
You worshipped Okawaru.
Okawaru was exalted by your worship.
You visited 1 branch You collected 1935 gold pieces.
You spent 893 gold pieces at shops.

Inventory:

Hand Weapons
 a - a +2 demon whip of draining (weapon)
 p - the +7 great mace "Firestarter" {inner flame, rF++}
   (Okawaru gifted it to you in the Dungeon)

   It burns those it strikes, dealing additional fire damage.
   It fills those it strikes with an explosive inner flame.
   It grants immunity to clouds of flame.
   rF:        It greatly protects you from fire.
 C - the +10 broad axe of Psychosis {vorpal, rF+ Will+ Dex+2}
   (You found it in the Dungeon)

   It inflicts extra damage upon your enemies.
   Dex:       It affects your dexterity (+2).
   rF:        It protects you from fire.
   Will:      It increases your willpower.
Missiles
 q - 8 silver javelins (quivered)
 x - 31 javelins
Armour
 b - +0 storm dragon scales (worn)
 c - a +0 buckler (worn)
 r - a +0 pair of boots (worn)
 s - a +1 cloak (worn)
 t - the +2 pair of gloves of Plog (worn) {Str+4}
   (Okawaru gifted it to you in the Dungeon)

   Str:       It affects your strength (+4).
 y - a +0 hat of willpower (worn)
Jewellery
 o - a +2 ring of evasion (left hand)
 z - a ring of protection from cold
 A - a ring of fire
 B - a ring of poison resistance (right hand)
Scrolls
 d - a scroll of identify
 g - 6 scrolls of enchant armour
 i - 2 scrolls of fear
 l - 2 scrolls of amnesia
 F - 2 scrolls of enchant weapon
Potions
 e - a potion of curing
 h - 4 potions of magic
 j - a potion of haste
 m - 2 potions of mutation
 n - a potion of lignification {unknown}
 u - a potion of cancellation
 v - a potion of attraction
 w - 2 potions of might
 D - 2 potions of resistance


   Skills:
 + Level 23.0 Fighting
 + Level 22.9 Maces & Flails
 + Level 13.7 Throwing
 + Level 18.5 Armour
 + Level 14.7 Dodging
 - Level 2.8 Stealth
 + Level 20.4 Shields
 * Level 17.1 Invocations
 + Level 5.0 Evocations


You had 13 spell levels left.
You didn't know any spells.
Your spell library was empty.

Dungeon Overview and Level Annotations

Branches:
Dungeon (1/1)

Altars:
Cheibriados
Dithmenos
Elyvilon
Fedhas
Gozag
Hepliaklqana
Kikubaaqudgha
Makhleb
Nemelex Xobeh
Okawaru
Qazlal
Ru
Sif Muna
Trog
Uskayaw
Vehumet
Wu Jian
Xom
Yredelemnul
Zin
The Shining One
Beogh
Jiyva
Lugonu

Shops:
D ::[!

Annotations:
D Margery


Innate Abilities, Weirdness & Mutations

You have a pair of horns on your head.
You reflexively headbutt those who attack you in melee.


Message History

The hell knight is heavily wounded.
The silver javelin pierces through the hell knight but does no damage.
The hell knight is moderately wounded.
The silver javelin pierces through Margery.
Margery is lightly wounded.
The silver javelin pierces through the hell knight!
The hell knight is heavily wounded.
The hell knight hits you with a +2 great mace of draining.
You feel drained.
Margery points at you and mumbles some strange words.
The bolt of fire hits the hell knight.
The hell knight completely resists.
The bolt of fire hits the hell knight.
The hell knight completely resists.
The bolt of fire hits you!!!
* * * LOW HITPOINT WARNING * * *
Throw: 9 javelins (silver)
Press: ? - help, Q - select action, (/) - cycle Shift-Dir - straight line, f/p - hell knight
Aim: a hell knight, wielding a +2 great mace of draining and wearing a +0 plate armour (heavily wounded, 80% to hit)
You throw a silver javelin.
The silver javelin barely misses the hell knight.
The silver javelin pierces through the hell knight!!
The hell knight is severely wounded.
The silver javelin closely misses Margery.
The silver javelin pierces through the hell knight but does no damage.
The hell knight is heavily wounded.
The hell knight points at you and mumbles some strange words.
The bolt of fire hits you!!
* * * LOW HITPOINT WARNING * * *
Unknown command.
Unknown command.
Okay, then.
You feel much better.
The hell knight hits you with a +2 great mace of draining!!
* * * LOW HITPOINT WARNING * * *
You feel drained.
A necromancer comes into view. It is wielding a +0 dagger.
Margery casts a spell at you.
The bolt of fire hits the hell knight.
The hell knight completely resists.
The bolt of fire hits the hell knight.
The hell knight completely resists.
The bolt of fire hits you!!!
You die...

.▓.▓.▓[▓.▓.▓.▓.▓
.▓.▓.▓.▓.▓.▓.▓)▓p▓
.▓)▓.▓.▓.▓.▓.▓.▓p▓
.▓.▓.▓.▓.▓.▓.▓.▓@▓
.▓.▓.▓.▓.▓'▓.▓[▓.▓
.▓.▓.▓.▓.▓)▓)▓'▓.▓
.▓.▓)▓.▓.▓.▓.▓.▓p▓
.▓.▓.▓.▓.▓)▓.▓.▓p▓
.▓.▓.▓.▓.▓.▓.▓)▓@▓
.▓[▓.▓.▓.▓.▓.▓.▓.▓
.▓.▓.▓.▓.▓.▓.▓)▓.▓
.▓†▓.▓)▓)▓[▓.▓[▓.▓
.▓.▓.▓)▓.▓.▓.▓)▓.▓
.▓.▓.▓)▓.▓.▓.▓)▓.▓
.▓.▓.▓.▓.▓)▓.▓)▓.▓
.▓∩▓.▓.▓.▓)▓†▓.▓.▓
.▓)▓.▓.▓.▓.▓.▓)▓.▓


You could see Margery, 3 hell knights and a necromancer.

Vanquished Creatures
  Boris (D)
  Rupert (D)
  Agnes (D)
  A nagaraja (D)
  2 fire giants (D)
  A vault warden (D)
  A frost giant (D)
  2 emperor scorpions (D)
  5 very ugly things (D)
  3 ironbound preservers (D)
  3 stone giants (D)
  2 bunyips (D)
  Snorg (D)
  2 ettins (D)
  An eleionoma (D)
  3 fire dragons (D)
  Josephine (D)
  A yaktaur captain (D)
  2 rakshasas (D)
  A great orb of eyes (D)
  3 ironbound thunderhulks (D)
  A hydra (D)
  A spriggan air mage (D)
  2 ironbound frosthearts (D)
  Erolcha (D)
  A merfolk aquamancer (D)
  A catoblepas (D)
  2 ogre magi (D)
  A centaur warrior (D)
  3 deep troll earth magi (D)
  A deep troll shaman (D)
  2 tengu warriors (D)
  A two-headed ogre (D)
  A vampire mage (D)
  An orc high priest (D)
  2 shock serpents (D)
  Urug (D)
  2 hell knights (D)
  A salamander mystic (D)
  A goliath frog (D)
  3 spriggan druids (D)
  6 deep trolls (D)
  A sea snake (D)
  A swamp dragon (D)
  A lindwurm (D)
  2 wizards (D)
  An ironbound convoker (D)
  3 orc knights (D)
  2 harpies (D)
  4 ugly things (D)
  An orb spider (D)
  2 cyclopes (D)
  2 deep elf pyromancers (D)
  3 wolf spiders (D)
  2 moths of wrath (D)
  2 vault sentinels (D)
  3 black mambas (D)
  A water nymph (D)
  A naga mage (D)
  3 cane toads (D)
  2 tengu conjurers (D)
  A rime drake (D)
  A yaktaur (D)
  A komodo dragon (D)
  4 trolls (D)
  4 polar bears (D)
  A jumping spider (D)
  A wind drake (D)
  A tyrant leech (D)
  A hornet (D)
  2 slime creatures (D)
  3 wraiths (D)
  A redback (D)
  2 water elementals (D)
  A tarantella (D)
  2 yaks (D)
  2 acid dragons (D)
  3 water moccasins (D)
  10 orc warriors (D)
  4 black bears (D)
  A boggart (D)
  A centaur (D)
  5 bullfrogs (D)
  A killer bee (D)
  A hound (D)
  5 orc priests (D)
  4 orc wizards (D)
  An adder (D)
  A shadow imp (D)
  A worm (D)
  A dart slug (D)
  5 orcs (D)
  A giant cockroach (D)
  A goblin (D)
  2 rats (D)
186 creatures vanquished.

Vanquished Creatures (others)
  An orc wizard (D)
1 creature vanquished.

Grand Total: 187 creatures vanquished

Notes
Turn   | Place    | Note
-------+----------+-------------------------------------------
     0 | D        | mhtbhm the Minotaur Fighter began the quest for the Orb.
     0 | D        | Reached XP level 1. HP: 19/19 MP: 0/0
    10 | D        | Reached skill level 4 in Fighting
    17 | D        | Noticed a hound
    20 | D        | Reached XP level 2. HP: 28/28 MP: 1/1
    22 | D        | Reached skill level 5 in Fighting
    22 | D        | Reached skill level 5 in Armour
    22 | D        | Reached skill level 5 in Shields
    22 | D        | Reached XP level 3. HP: 34/37 MP: 2/2
    42 | D        | Found a snail-covered altar of Cheibriados.
    42 | D        | Found a shadowy altar of Dithmenos.
    42 | D        | Found a white marble altar of Elyvilon.
    42 | D        | Found a blossoming altar of Fedhas.
    42 | D        | Found an opulent altar of Gozag.
    43 | D        | Found a hazy altar of Hepliaklqana.
    44 | D        | Found a viscous altar of Jiyva.
    45 | D        | Found an ancient bone altar of Kikubaaqudgha.
    46 | D        | Found a corrupted altar of Lugonu.
    47 | D        | Found a burning altar of Makhleb.
    48 | D        | Found a sparkling altar of Nemelex Xobeh.
    49 | D        | Found an iron altar of Okawaru.
    50 | D        | Found a stormy altar of Qazlal.
    51 | D        | Found a sacrificial altar of Ru.
    52 | D        | Found a shimmering blue altar of Sif Muna.
    53 | D        | Found a bloodstained altar of Trog.
    54 | D        | Found a hide-covered altar of Uskayaw.
    55 | D        | Found a radiant altar of Vehumet.
    56 | D        | Found an ornate altar of the Wu Jian Council.
    57 | D        | Became a worshipper of Warmaster Okawaru
    58 | D        | Found a shimmering altar of Xom.
    59 | D        | Found a basalt altar of Yredelemnul.
    60 | D        | Found a glowing silver altar of Zin.
    61 | D        | Found a glowing golden altar of the Shining One.
   228 | D        | Noticed a killer bee
   228 | D        | Noticed an acid dragon
   228 | D        | Noticed an acid dragon
   228 | D        | Noticed an orc warrior
   228 | D        | Noticed a two-headed ogre
   237 | D        | Killed a killer bee
   238 | D        | Reached skill level 6 in Fighting
   238 | D        | Reached skill level 5 in Maces & Flails
   238 | D        | Reached XP level 4. HP: 19/45 MP: 3/3
   246 | D        | Killed an acid dragon
   246 | D        | Reached * piety under Okawaru
   247 | D        | Reached skill level 7 in Fighting
   247 | D        | Reached skill level 1 in Dodging
   247 | D        | Reached XP level 5. HP: 22/53 MP: 4/4
   408 | D        | Killed an orc warrior
   409 | D        | Reached skill level 8 in Fighting
   409 | D        | Reached XP level 6. HP: 29/61 MP: 5/5
   409 | D        | Killed a two-headed ogre
   409 | D        | Reached ** piety under Okawaru
   410 | D        | Reached skill level 9 in Fighting
   410 | D        | Reached skill level 10 in Armour
   410 | D        | Reached skill level 1 in Stealth
   410 | D        | Reached skill level 10 in Shields
   410 | D        | Reached skill level 1 in Evocations
   410 | D        | Reached XP level 7. HP: 33/71 MP: 6/6
   411 | D        | Reached skill level 10 in Fighting
   700 | D        | Noticed a cyan ugly thing
   700 | D        | Noticed a tengu conjurer
   700 | D        | Noticed a cyclops
   700 | D        | Noticed a tengu warrior
   700 | D        | Noticed a cyclops
   717 | D        | Killed a tengu conjurer
   717 | D        | Reached *** piety under Okawaru
   718 | D        | Reached XP level 8. HP: 25/80 MP: 7/7
   725 | D        | Killed a cyan ugly thing
   726 | D        | Reached skill level 11 in Fighting
   757 | D        | Killed a cyclops
   757 | D        | Reached **** piety under Okawaru
   758 | D        | Reached XP level 9. HP: 50/89 MP: 8/8
   766 | D        | Killed a tengu warrior
   767 | D        | Reached skill level 12 in Fighting
   767 | D        | Reached skill level 5 in Dodging
   770 | D        | Killed a cyclops
   771 | D        | Reached skill level 15 in Maces & Flails
  1027 | D        | Noticed an eight-headed hydra
  1027 | D        | Noticed a cane toad
  1027 | D        | Noticed a cane toad
  1033 | D        | Killed an eight-headed hydra
  1033 | D        | Reached ***** piety under Okawaru
  1033 | D        | Received a gift from Okawaru
  1034 | D        | Killed a cane toad
  1035 | D        | Reached skill level 13 in Fighting
  1035 | D        | Reached XP level 10. HP: 38/101 MP: 9/9
  1040 | D        | Killed a cane toad
  1365 | D        | Noticed a catoblepas
  1365 | D        | Noticed a black mamba
  1369 | D        | Killed a catoblepas
  1371 | D        | Noticed a cane toad
  1372 | D        | Received a gift from Okawaru
  1393 | D        | Reached skill level 14 in Fighting
  1404 | D        | Killed a black mamba
  1409 | D        | Killed a cane toad
  1781 | D        | Reached skill level 5 in Invocations
  1789 | D        | Reached XP level 11. HP: 61/111 MP: 13/13
  1792 | D        | Reached skill level 15 in Fighting
  2077 | D        | Identified the +2 pair of gloves of Plog {Str+4} (Okawaru
                  | gifted it to you in the Dungeon)
  2077 | D        | Received a gift from Okawaru
  2078 | D        | Noticed Josephine
  2105 | D        | Killed Josephine
  2106 | D        | Reached skill level 5 in Evocations
  2682 | D        | Noticed an orc knight
  2682 | D        | Noticed an orc knight
  2684 | D        | Noticed an orc knight
  2698 | D        | Killed an orc knight
  2934 | D        | Killed an orc knight
  3301 | D        | Killed an orc knight
  3302 | D        | Reached skill level 16 in Fighting
  3302 | D        | Reached skill level 10 in Dodging
  3303 | D        | Noticed an orc high priest
  3318 | D        | Noticed a sixfirhy
  3321 | D        | Noticed a sun demon
  3325 | D        | Killed an orc high priest
  3785 | D        | Found Voak's Book Emporium.
  3785 | D        | Noticed a deep troll
  3785 | D        | Noticed an ettin
  3785 | D        | Noticed a deep troll
  3785 | D        | Noticed an ogre mage
  3793 | D        | Killed a deep troll
  3798 | D        | Killed an ettin
  3811 | D        | Killed a deep troll
  3812 | D        | Reached skill level 17 in Fighting
  3824 | D        | Killed an ogre mage
  3824 | D        | Reached ****** piety under Okawaru
  4076 | D        | Found Xenkobie's Book Shoppe.
  4080 | D        | Found Leulai's Armour Emporium.
  4083 | D        | Found Sinn's Distillery.
  4083 | D        | Noticed a deep troll
  4084 | D        | Noticed a deep troll
  4085 | D        | Noticed a stone giant
  4086 | D        | Noticed a deep troll
  4088 | D        | Noticed a deep troll
  4092 | D        | Killed a deep troll
  4092 | D        | Received a gift from Okawaru
  4093 | D        | Reached XP level 12. HP: 106/125 MP: 17/17
  4106 | D        | Killed a stone giant
  4107 | D        | Reached skill level 1 in Throwing
  4654 | D        | Reached skill level 18 in Fighting
  4654 | D        | Reached skill level 15 in Shields
  4798 | D        | Bought a potion of curing for 36 gold pieces
  4798 | D        | Bought a potion of heal wounds for 60 gold pieces
  4798 | D        | Bought a potion of curing for 36 gold pieces
  4798 | D        | Bought 2 potions of mutation for 192 gold pieces
  4798 | D        | Bought a potion of cancellation for 96 gold pieces
  4798 | D        | Bought a potion of attraction for 36 gold pieces
  4798 | D        | Bought a potion of might for 48 gold pieces
  4798 | D        | Bought a potion of might for 48 gold pieces
  4806 | D        | Bought a +4 ring mail of cold resistance for 341 gold
                  | pieces
  4853 | D        | Noticed Urug
  4864 | D        | Killed Urug
  4935 | D        | Noticed Erolcha
  4954 | D        | Killed Erolcha
  4955 | D        | Reached skill level 10 in Invocations
  5123 | D        | Got the +10 broad axe of Psychosis {vorpal, rF+ Will+
                  | Dex+2}
  5238 | D        | Noticed an ogre mage
  5243 | D        | Killed an ogre mage
  5243 | D        | Received a gift from Okawaru
  5243 | D        | Noticed a green very ugly thing
  5244 | D        | Noticed a cyan very ugly thing
  5246 | D        | Noticed a centaur warrior
  5258 | D        | Noticed a tengu warrior
  5264 | D        | Killed a white very ugly thing
  5274 | D        | Killed a red very ugly thing
  5275 | D        | Reached skill level 19 in Fighting
  5277 | D        | Killed a centaur warrior
  5277 | D        | Received a gift from Okawaru
  5277 | D        | Found the +7 great mace "Firestarter" {inner flame, rF++}
  5305 | D        | Killed a tengu warrior
  5591 | D        | Noticed a rakshasa
  5592 | D        | Noticed a stone giant
  5593 | D        | Noticed a frost giant
  5604 | D        | Killed a rakshasa
  5616 | D        | Killed a stone giant
  5623 | D        | HP: 6/130 [frost giant/bolt of cold (45)]
  5624 | D        | Killed a frost giant
  5625 | D        | Reached XP level 13. HP: 7/139 MP: 20/20
  6069 | D        | Noticed Rupert
  6085 | D        | Killed Rupert
  6086 | D        | Reached skill level 5 in Throwing
  6105 | D        | Noticed Agnes
  6118 | D        | Killed Agnes
  6118 | D        | Received a gift from Okawaru
  6119 | D        | Reached skill level 20 in Fighting
  6274 | D        | Noticed a bunyip
  6277 | D        | Noticed a bunyip
  6283 | D        | Noticed an eleionoma
  6288 | D        | Reached skill level 15 in Armour
  6306 | D        | Killed a bunyip
  6322 | D        | Killed a bunyip
  6327 | D        | Killed an eleionoma
  6542 | D        | Noticed an emperor scorpion
  6574 | D        | Killed an emperor scorpion
  6947 | D        | Reached skill level 21 in Fighting
  7289 | D        | Noticed a nagaraja
  7293 | D        | Received a gift from Okawaru
  7305 | D        | Killed a nagaraja
  7308 | D        | Received a gift from Okawaru
  7466 | D        | Noticed Snorg
  7472 | D        | Killed Snorg
  7502 | D        | Received a gift from Okawaru
  7535 | D        | Noticed an emperor scorpion
  7571 | D        | HP: 5/143 [emperor scorpion[a spriggan druid] (13)]
  7576 | D        | Killed an emperor scorpion
  7577 | D        | Reached XP level 14. HP: 15/151 MP: 23/23
  7982 | D        | Noticed a fire giant
  7982 | D        | Noticed a fire giant
  7986 | D        | Killed a fire giant
  8368 | D        | Reached skill level 10 in Throwing
  8407 | D        | Killed a fire giant
  8408 | D        | Reached skill level 15 in Invocations
  8677 | D        | Noticed a stone giant
  8686 | D        | Killed a stone giant
  8686 | D        | Received a gift from Okawaru
  8874 | D        | Received a gift from Okawaru
  8924 | D        | Reached skill level 22 in Fighting
  9555 | D        | Noticed a brown very ugly thing
  9560 | D        | Killed a brown very ugly thing
  9575 | D        | Noticed an ironbound preserver
  9575 | D        | Noticed a white very ugly thing
  9578 | D        | Identified the +9 fustibalus of the Chain {freeze, rF+
                  | rCorr Dex-5} (Okawaru gifted it to you in the Dungeon)
  9578 | D        | Received a gift from Okawaru
  9578 | D        | Noticed an ironbound preserver
  9579 | D        | Killed a white very ugly thing
  9581 | D        | Killed an ironbound preserver
  9583 | D        | Killed an ironbound preserver
  9588 | D        | Noticed a vault warden
  9594 | D        | Noticed a brown very ugly thing
  9595 | D        | Killed a vault warden
  9599 | D        | Received a gift from Okawaru
  9602 | D        | Noticed an ironbound preserver
  9605 | D        | Killed a brown very ugly thing
  9612 | D        | Killed an ironbound preserver
  9612 | D        | Received a gift from Okawaru
  9618 | D        | Received a gift from Okawaru
  9981 | D        | Noticed Boris
 10001 | D        | Killed Boris
 10001 | D        | Received a gift from Okawaru
 10002 | D        | Reached skill level 23 in Fighting
 10286 | D        | Noticed Margery
 10290 | D        | Killed from afar by Margery

Illustrated notes

Levels and vault maps discovered:
D:        linesprint [early_d, line_temple, items_1, d_10, items_2, lair_1,
          lair_end, items_3, orc_1, orc_end, items_4, d_15, swamp_1, shoals_1,
          snake_1, spider_1, d_20, vaults_1, items_5, swamp_end, shoals_end,
          snake_end, spider_end, vaults_end, d_27, items_6, zot_1, zot_end,
          crypt_end, forest_end, elf_end, slime_end, tomb_end, abyss_end,
          pan_hell_end]

Skill      XL: |  1  2  3  4  5  6  7  8  9 10 11 12 13 14 |
---------------+-------------------------------------------+-----
Fighting       | 4 5 6 7 8 9 10 11 13 14 17 19 21 23 | 23.0
Armour         | 4 5 6 8 10 11 12 13 14 16 18 | 18.5
Shields        | 4 5 6 7 8 10 11 12 13 14 16 18 20 | 20.4
Maces & Flails | 3 4 5 7 8 11 12 13 15 17 19 20 21 22 | 22.9
Dodging        | 1 2 3 4 6 8 11 13 14 | 14.7
Stealth        | 1 2 |  2.8
Evocations     | 1 2 3 4 5 |  5.0
Invocations    | 5 9 11 14 17 | 17.1
Throwing       | 4 9 13 | 13.7

Action                   |  1- 3 |  4- 6 |  7- 9 | 10-12 | 13-15 || total
-------------------------+-------+-------+-------+-------+-------++-------
Melee: Flail             |    29 |    12 |    38 |   420 |   280 ||   779
       Headbutt          |     1 |       |     4 |   110 |    80 ||   195
Throw: Javelin           |       |       |       |    16 |   105 ||   121
Invok: Heroism           |       |       |       |       |     1 ||     1
Evoke: Wand              |       |     3 |     5 |     2 |       ||    10
  Use: Potion            |     1 |     3 |     5 |     7 |     9 ||    25
       Scroll            |       |     1 |       |     2 |     2 ||     5
 Stab: Invisible         |       |       |       |       |     6 ||     6
Armor: Scale mail        |     8 |       |       |       |       ||     8
       Ring mail         |     4 |     7 |       |     1 |       ||    12
       Acid dragon scale |       |       |    13 |    63 |       ||    76
       Storm dragon scal |       |       |       |    29 |   129 ||   158
Dodge: Dodged            |    15 |    14 |    16 |   182 |   139 ||   366
Block: Buckler           |     5 |     7 |    10 |   100 |   106 ||   228

Table legend: (Time is in decaauts) A = Elapsed time spent in this place. B = Non-inter-level travel time spent in this place. C = Inter-level travel time spent in this place. D = Time resting spent in this place. E = Time spent auto-exploring this place. F = Levels seen in this place. G = Mean time per level. A B C D E F G +--------+--------+--------+--------+--------+-----+--------+ Total | 10093 | 10093 | 0 | 6361 | 1057 | 1 | 10093.0 | Dungeon | 10093 | 10093 | 0 | 6361 | 1057 | 1 | 10093.0 | +--------+--------+--------+--------+--------+-----+--------+

Top non-repeatable levels by time:
       D: 10093 daAuts
